 Dungeon Crawl Stone Soup version 0.30-a0-883-g5ad918d77d (webtiles) character file.

Game seed: 425574723102442651

1416408 RepoMan the Wallbreaker (level 26, 245/245 HPs)
             Began as a Troll Conjurer on Mar 10, 2023.
             Was a High Priest of Ashenzari.
             Escaped with the Orb
             ... and 3 runes on Mar 15, 2023!
             The game lasted 10:37:06 (103048 turns).

RepoMan the Wallbreaker (Troll Conjurer)          Turns: 103048, Time: 10:37:06

Health: 245/245    AC: 18    Str: 21    XL:     26   Next: 75%
Magic:  44/53      EV: 15    Int: 35    God:    Ashenzari [*****.]
Gold:   3440       SH: 11    Dex:  7    Spells: 1/50 levels left

rFire   + + +      SeeInvis +    w - +6 Majin-Bo {spellvamp, MP+6 Int+6, Elem, Bglg} (curse)
rCold   . . .      Faith    .    N - +0 kite shield "Sublime Seeker" {rC+, Self, Bglg} (curse)
rNeg    . . .      Spirit   +    c - +4 moon troll leather armour {Spirit, Regen++ MP+5}
rPois   .          Reflect  .    z - +2 hat of the Fated Sybil {+Blink rF+++ rC- Stlth-, Alch, Bglg} (curse)
rElec   .          Rampage  .    F - +2 cloak {rCorr}
rCorr   +          Clarity  +    (gloves unavailable)
Will    ++...                    (boots unavailable) Stlth
                                 V - amulet "At What Cost Knowledge?" {Regen+, Elem, Fort} (curse)
HPRegen 3.80/turn                Y - ring "Prescient Affliction" {rF+ Will+ Int+3, Alch, Melee} (curse)
MPRegen 0.33/turn                h - ring of the Perceptive Fetters {EV+5, Elem, Fort} (curse)

@: studying Unarmed Combat
A: large, unfitting armour, claws 3, regeneration 1, shaggy fur 1, tough skin 1,
clever 1, deterioration 1, frail 1, high MP 1, screaming 1
0: Orb of Zot
}: 3/15 runes: decaying, slimy, gossamer
a: Renounce Religion, Evoke Blink, Curse Item, Shatter the Chains


You escaped.
You worshipped Ashenzari.
Ashenzari was extremely pleased with you.
You visited 12 branches of the dungeon, and saw 55 of its levels.
You also visited: Gauntlet and Ice Cave.

You collected 7076 gold pieces.
You spent 3636 gold pieces at shops.

Inventory:

Hand Weapons
 w - the cursed +6 Majin-Bo (weapon) {spellvamp, MP+6 Int+6, Elem, Bglg}
   (You bought it in a shop on level 15 of the Dungeon)

   Int:       It affects your intelligence (+6).
   MP:        It affects your magic capacity (+6).
   It has a curse which improves the following skills: Elements: Fire Magic, Ice
   Magic, Air Magic and Earth Magic.
   Beguiling: Conjurations, Hexes and Translocations.
Missiles
 q - 2 throwing nets
 C - 2 curare-tipped darts
Armour
 c - the +4 moon troll leather armour (worn) {Spirit, Regen++ MP+5}
   (You found it on level 5 of the Pits of Slime)

   MP:        It affects your magic capacity (+5).
   Regen:     It increases your rate of health regeneration.
 y - the +10 gold dragon scales "Roygu" {rPois rF+ rC+ Int+10 Dex-2}
   (You acquired it on level 4 of the Depths)

   Int:       It affects your intelligence (+10).
   Dex:       It affects your dexterity (-2).
   rF:        It protects you from fire.
   rC:        It protects you from cold.
   rPois:     It protects you from poison.
 z - the cursed +2 hat of the Fated Sybil (worn) {+Blink rF+++ rC- Stlth-, Alch, Bglg}
   (You acquired it on level 15 of the Dungeon)

   rF:        It renders you almost immune to fire.
   rC:        It makes you vulnerable to cold.
   +Blink:    It lets you blink.
   Stlth:     It makes you less stealthy.
   It has a curse which improves the following skills: Alchemy: Poison Magic and
   Transmutations.
   Beguiling: Conjurations, Hexes and Translocations.
 F - a +2 cloak of preservation (worn)
 G - +0 acid dragon scales
 N - the cursed +0 kite shield "Sublime Seeker" (worn) {rC+, Self, Bglg}
   (You found it in an ice cave)

   It has a curse which improves the following skills: Introspection: Fighting
   and Spellcasting.
   Beguiling: Conjurations, Hexes and Translocations.
 X - a scarf of resistance
Jewellery
 h - the cursed ring of the Perceptive Fetters (right claw) {EV+5, Elem, Fort}
   (You found it on level 2 of the Dungeon)

   [ring of evasion]

   EV:        It affects your evasion (+5).
   It has a curse which improves the following skills: Elements: Fire Magic, Ice
   Magic, Air Magic and Earth Magic.
   Fortitude: Armour and Shields.
 l - a ring of protection from cold
 s - an amulet of magic regeneration
 u - a ring of poison resistance
 M - the ring of Daomic {Wiz MP+9}
   (You acquired it on level 4 of the Depths)

   [ring of wizardry]

   It improves your spell success rate.
   MP:        It affects your magic capacity (+9).
 V - the cursed amulet "At What Cost Knowledge?" (around neck) {Regen+, Elem, Fort}
   (You found it on level 3 of the Lair of Beasts)

   [amulet of regeneration]

   Regen:     It increases your rate of health regeneration.
   It has a curse which improves the following skills: Elements: Fire Magic, Ice
   Magic, Air Magic and Earth Magic.
   Fortitude: Armour and Shields.
 Y - the cursed ring "Prescient Affliction" (left claw) {rF+ Will+ Int+3, Alch, Melee}
   (You found it on level 5 of the Pits of Slime)

   [ring of willpower]

   Int:       It affects your intelligence (+3).
   rF:        It protects you from fire.
   Will:      It increases your willpower.
   It has a curse which improves the following skills: Alchemy: Poison Magic and
   Transmutations.
   Melee Combat: Short Blades, Long Blades, Axes, Maces & Flails, Polearms,
   Staves and Unarmed Combat.
Wands
 x - a wand of flame (118)
 J - a wand of iceblast (10)
 T - a wand of digging (2)
 U - a wand of light (5)
Scrolls
 e - 14 scrolls of teleportation
 g - 10 scrolls of magic mapping
 j - 5 scrolls of silence
 p - 2 scrolls of enchant armour
 t - 6 scrolls of vulnerability
 A - 3 scrolls of amnesia
 B - 2 scrolls of fog
 D - 4 scrolls of torment
 E - a scroll of butterflies
 L - 4 scrolls of fear
 O - 4 scrolls of poison
 Q - a scroll of blinking
 W - 4 scrolls of immolation
Potions
 a - a potion of brilliance
 d - a potion of magic
 i - a potion of mutation
 k - a potion of invisibility
 m - 2 potions of might
 r - a potion of heal wounds
 v - 23 potions of curing
 H - 5 potions of flight
 I - 11 potions of ambrosia
 K - 7 potions of lignification
Miscellaneous
 b - a lightning rod (4/4)
 o - a phantom mirror
 P - a phial of floods
 S - a tin of tremorstones (2/2)
 Z - a box of beasts


   Skills:
 - Level 15.5(17.7) Fighting
 * Level 13.1(16.5) Armour
 - Level 9.9 Dodging
 - Level 1.0 Stealth
 - Level 9.8(13.3) Shields
 - Level 16.6(18.7) Unarmed Combat
 + Level 10.5(12.8) Spellcasting
 - Level 21.9(26.0) Conjurations
 - Level 0.7(2.7) Hexes
 - Level 1.7 Necromancy
 - Level 1.2(3.8) Translocations
 + Level 9.2(12.7) Transmutations
 + Level 17.9(22.1) Fire Magic


You had one spell level left.
You knew the following spells:

 Your Spells              Type           Power      Damage    Failure   Level
a - Stone Arrow           Conj/Erth      100%       3d13      1%          3
b - Blink                 Tloc           98%        N/A       1%          2
c - Blade Hands           Tmut           42%        N/A       1%          5
d - Orb of Destruction    Conj           58%        9d14      1%          7
e - Fireball              Conj/Fire      56%        3d22      0%          5
g - Apportation           Tloc           98%        N/A       1%          1
p - Passwall              Tmut/Erth      51%        N/A       1%          2
q - Magic Dart            Conj           100%       1d8       0%          1
w - Wereblood             Tmut           84%        N/A       1%          2
x - Starburst             Conj/Fire      56%        6d15      1%          6
I - Ignition              Fire           54%        3d15      2%          8
M - Sublimation of Blood  Necr           34%        N/A       2%          2
X - Irradiate             Conj/Tmut      51%        3d28      1%          5

Your spell library contained the following spells:

 Spells                   Type           Power      Damage    Failure   Level
 Foxfire                  Conj/Fire      100%       2x1d9     0%          1
 Necrotise                Necr           100%       1d9       1%          1
 Freeze                   Ice            100%       1d10      2%          1
 Sandblast                Erth           54%        2d13      2%          1
 Summon Small Mammal      Summ           88%        N/A       3%          1
 Momentum Strike          Conj/Tloc      100%       3d10      0%          2
 Scorch                   Fire           100%       2d10      0%          2
 Searing Ray              Conj           100%       2d8       0%          2
 Flame Wave               Conj/Fire      100%       2d21      0%          4
 Sticky Flame             Conj/Fire      100%       2d11      0%          4
 Iskenderun's Battlesphe  Conj           100%       2d15      0%          5
 Lesser Beckoning         Tloc           98%        N/A       1%          2
 Dazzling Flash           Conj/Hex       100%       N/A       1%          3
 Gell's Gravitas          Tloc           49%        N/A       1%          3
 Inner Flame              Hex/Fire       83%        N/A       1%          3
 Mephitic Cloud           Conj/Pois/Air  72%        N/A       1%          3
 Spider Form              Tmut/Pois      62%        N/A       1%          3
 Teleport Other           Tloc           49%        N/A       1%          3
 Fulminant Prism          Conj/Hex       44%        3d19      1%          4
 Iskenderun's Mystic Bla  Conj/Tloc      91%        2d18      1%          4
 Lightning Bolt           Conj/Air       43%        1d62      1%          5
 Ensorcelled Hibernation  Hex/Ice        68%        N/A       2%          2
 Portal Projectile        Hex/Tloc       90%        N/A       2%          3
 Petrify                  Tmut/Erth      62%        N/A       2%          4
 Conjure Ball Lightning   Conj/Air       43%        3x3d15    2%          6
 Cigotuvi's Dreadful Rot  Necr/Pois/Air  58%        N/A       3%          2
 Tukima's Dance           Hex            41%        N/A       3%          3
 Poisonous Vapours        Pois/Air       52%        N/A       4%          2
 Summon Guardian Golem    Hex/Summ       32%        N/A       5%          3
 Alistair's Intoxication  Tmut/Pois      41%        N/A       6%          5
 Manifold Assault         Tloc           49%        N/A       7%          4
 Passage of Golubria      Tloc           49%        N/A       7%          4
 Frozen Ramparts          Ice            54%        1d9       8%          3
 Ozocubu's Armour         Ice            27%        N/A       8%          3
 Swiftness                Air            27%        N/A       8%          3
 Cause Fear               Hex            20%        N/A       11%         4
 Anguish                  Hex/Necr       19%        N/A       13%         4
 Spellforged Servitor     Conj/Summ      42%        N/A       14%         7
 Animate Dead             Necr           34%        N/A       16%         4
 Dispel Undead            Necr           34%        3d15      16%         4
 Dragon Form              Tmut           42%        N/A       16%         7
 Airstrike                Air            13%        2d(2-18)  26%         4
 Olgreb's Toxic Radiance  Pois           25%        N/A       26%         4
 Summon Lightning Spire   Summ/Air       24%        N/A       28%         4
 Statue Form              Tmut/Erth      41%        N/A       32%         6
 Eringya's Noxious Bog    Tmut/Pois      31%        N/A       34%         6
 Summon Forest            Summ/Tloc      17%        N/A       38%         5
 Metabolic Englaciation   Hex/Ice        17%        N/A       41%         5
 Borgnjor's Vile Clutch   Necr/Erth      15%        N/A       50%         5
 Dispersal                Tloc           24%        N/A       71%         6
 Storm Form               Tmut/Air       31%        N/A       88%         7
 Death Channel            Necr           17%        N/A       94%         6
 Summon Cactus Giant      Summ           11%        N/A       99%         6
 Enfeeble                 Hex            20%        N/A       100%        7
 Haunt                    Necr/Summ      14%        N/A       100%        7
 Ozocubu's Refrigeration  Ice            13%        4d10      100%        7
 Summon Hydra             Summ           11%        N/A       100%        7
 Borgnjor's Revivificati  Necr           17%        N/A       100%        8
 Discord                  Hex            20%        N/A       100%        8
 Infestation              Necr           17%        N/A       100%        8
 Maxwell's Capacitive Co  Air            13%        ∞         100%        8
 Dragon's Call            Summ           11%        N/A       100%        9


Dungeon Overview and Level Annotations

Branches:
Dungeon (15/15)            Temple (1/1) D:6            Lair (5/5) D:10
  Swamp (4/4) Lair:3       Spider (4/4) Lair:2        Slime (5/5) Lair:5
    Orc (2/2) D:10            Elf (3/3) Orc:2        Vaults (4/5) D:13
  Crypt (3/3) Vaults:2       Tomb (0/3) Crypt:3      Depths (4/4) D:15
    Zot (5/5) Depths:4      IceCv (visited)         Gauntlet (visited)

Altars:
Ashenzari
Cheibriados
Dithmenos
Elyvilon
Fedhas
Gozag
Hepliaklqana
Kikubaaqudgha
Makhleb
Nemelex Xobeh
Okawaru
Qazlal
Ru
Sif Muna
Trog
Uskayaw
Vehumet
Wu Jian
Xom
Yredelemnul
Zin
The Shining One

Shops:
D:8 !   D:9 [[   D:15 (   Orc:2 (:?*[   Elf:2 (   Vaults:1 *   Vaults:3 :
Crypt:2 *   Depths:3 (

Portals:
Hell: Depths:1 Depths:2 Depths:3 Depths:4
Abyss: Depths:3 Depths:4
Pandemonium: Depths:1 Depths:2 Depths:3
Ziggurat: Depths:3
Trove: D:13 (give horn of Geryon)

Annotations:
D:14 Roxanne
Lair:4 2 transporters, Dutolum's ghost, journeyman AtFi
Lair:5 1 runed translucent door
Elf:1 6 runed translucent doors
Crypt:2 3 runed translucent doors, exclusion: obsidian statue, Morbidden's ghost, veteran AtFi
Depths:3 1 runed translucent door, 1 exclusion, Qoapt's ghost, veteran GnSk
Zot:4 1 transporter


Innate Abilities, Weirdness & Mutations

You are too large for most types of armour.
You have claws for hands.
Your natural rate of healing is unusually fast.
You are covered in fur. (AC +1)
You have tough skin. (AC +1)
Your mind is acute. (Int +4, Str/Dex -1)
Your body sometimes deteriorates upon taking damage.
You are frail. (-10% HP)
You have an increased reservoir of magic. (+10% MP)
You occasionally shout uncontrollably at your foes.


Message History

The Orb Guardian is almost dead.
You block the Orb Guardian's attack.
The stone arrow misses the Orb Guardian.
You block the Orb Guardian's attack.
The stone arrow hits the Orb Guardian!
You feel better.
The Orb Guardian is almost dead.
The Orb Guardian hits you but does no damage.
The Orb Guardian barely misses you.
The stone arrow hits the Orb Guardian!!
You feel better.
You kill the Orb Guardian!
Casting: Stone Arrow (safe; 1% risk of failure)
Confirm with . or Enter, or press ? or * to list all spells.
You draw magical energy from your own body!
You see here a +0 whip.
There is a stone staircase leading up here.
You climb upwards.
There is a stone staircase leading down here.
Okay, then.
Okay, then.
Your magical contamination has completely faded away.
Aiming: Dig
Press: ? - help, Shift-Dir - straight line A rock wall.
This square is covered in magical glow.
The rock shatters into small pieces.
There is a stone staircase leading up here.
You climb upwards.
There is a stone staircase leading down here.
There is an open door here.
Casting: Sublimation of Blood (safe; 2% risk of failure)
Confirm with . or Enter, or press ? or * to list all spells.
Aiming: Passwall (safe; 1% risk of failure)
Press: ? - help, Dir - move target A rock wall.
This square is covered in magical glow.
HP restored.
You begin to meditate on the wall.
You continue meditating on the rock. x2
You finish merging with the rock.
There is a staircase leading out of the dungeon here.
You have escaped!

####.###.# #......[# #.##.#
#.##############.......### #.##.#
#....#........^........... #.##.#
#.#....♣♣♣♣♣..#######+##.. #.##.#
#.#....♣♣♣♣♣.♣.###........
#.##.###.>.♣♣.♣∩∩∩.♣♣♣.>#.##.##.#
#..........♣♣∩.....∩♣♣.......#...
####.####.♣♣∩..♣♣♣..∩♣♣...#..#..#
........#.♣♣∩...@...∩♣♣...#..#...
##.###.##.♣♣∩..♣♣♣..∩♣♣..........
.....#.....♣♣∩.....∩♣♣..#.#......
##.......>.♣♣♣♣∩.∩♣♣♣♣.>.....####
#.###...##.♣♣♣♣.♣♣♣♣.#..........
#.# #...#....♣♣.♣♣..##.#.....#..
#.# ###....#....................
##.#####....########.............
.......'....'.# #..#..#####.##


There were no monsters in sight!

Vanquished Creatures
  10 orbs of fire
  2 dread liches (Zot:5)
  An ancient lich (Zot:5)
  Parghit (Zot:2)
  4 Killer Klowns (Zot:5)
  3 curse toes
  7 golden dragons
  A bone dragon (Crypt:3)
  3 electric golems
  Mlioglotl (Spider:2)
  6 liches
  28 Orb Guardians
  25 tentacled monstrosities
  5 quicksilver dragons
  2 deep elf master archers (Elf:3)
  2 deep elf blademasters
  8 ancient champions
  15 acid blobs
  3 sphinxes
  3 thorn hunters (Swamp:4)
  6 death cobs
  Agnes (Spider:4)
  3 shadow dragons
  2 tengu reavers
  7 draconian monks
  10 storm dragons
  Kirke (D:13)
  4 revenants
  5 fire giants
  11 azure jellies
  7 rockslimes
  Donald (Elf:2)
  A fenstrider witch (Swamp:1)
  3 iron dragons
  4 draconian knights
  4 deep elf sorcerers (Elf:3)
  4 frost giants
  Aizul (Swamp:2)
  16 vault wardens
  6 emperor scorpions
  9 ghost moths
  7 draconian scorchers
  6 draconian shifters
  2 broodmothers
  3 ghouls
  Louise (Spider:2)
  A curse skull (Crypt:3)
  10 draconian stormcallers
  15 ironbound preservers
  A quicksilver ooze (shapeshifter) (Depths:2)
  3 war gargoyles
  10 quicksilver oozes
  A cacodemon (Depths:3)
  2 deep elf elementalists (Elf:3)
  A reaper (Depths:4)
  9 very ugly things
  11 draconian annihilators
  6 stone giants
  10 ironbound thunderhulks
  5 deep elf demonologists
  15 green draconians
  3 eleionomae
  A caustic shrike skeleton (Crypt:2)
  6 vampire knights
  8 deep elf annihilators
  21 black draconians
  11 yellow draconians
  18 red draconians
  4 bunyips
  Azrael (D:14)
  19 purple draconians
  15 spark wasps
  19 white draconians
  7 dire elephants
  Snorg (D:13)
  9 eidola
  A minotaur (Gauntlet)
  A blizzard demon (Depths:3)
  8 deep elf death magi
  2 crystal guardians (Vaults:4)
  10 fire dragons
  A merfolk impaler (Depths:1)
  2 mummy priests (Crypt:3)
  7 entropy weavers
  9 ettins
  14 jiangshi
  5 deep elf high priests
  3 yaktaur captains
  2 shambling mangroves (Swamp:4)
  3 rakshasas
  Josephine (D:12)
  14 great orbs of eyes
  16 vault guards
  3 ghost crabs
  A spriggan zombie (Crypt:3)
  A caustic shrike simulacrum (Depths:3)
  A spriggan skeleton (Crypt:2)
  3 catoblepae
  9 radroaches
  6 ice dragons
  2 peacekeepers (Vaults:4)
  3 spriggan air magi
  3 hell beasts
  15 hydras
  6 boulder beetles
  Erica (D:9)
  16 centaur warriors
  An ogre mage (Vaults:2)
  An anaconda (shapeshifter) (Vaults:2)
  A death knight (Crypt:2)
  7 two-headed ogres
  10 ironbound frosthearts
  23 dancing weapons
  5 deep troll shamans
  3 hell hogs
  4 tengu warriors
  A titan zombie (Crypt:2)
  Urug (D:10)
  A quicksilver ooze zombie (Crypt:2)
  An orc high priest (Orc:1)
  6 deep troll earth magi
  5 spriggan berserkers
  9 hell knights
  9 vampire magi
  6 alligators
  17 deep elf knights
  2 storm dragon zombies
  11 sun demons
  2 soul eaters (Crypt:3)
  26 skeletal warriors
  Amaemon (D:8)
  3 sixfirhies (Depths:3)
  A fire crab (Lair:5)
  5 pharaoh ants
  Nergalle (Orc:1)
  11 iron trolls
  3 sun moths (Spider:1)
  2 shadow wraiths (Crypt:2)
  A golden dragon zombie (Depths:1)
  5 spriggan druids
  2 skysharks
  2 glowing orange brains
  47 deep trolls
  7 goliath frogs
  3 death drakes
  11 swamp dragons
  3 bog bodies
  7 flayed ghosts
  7 orb spiders
  2 tengu zombies
  7 wizards
  8 steelbarb worms
  16 lindwurms
  A golden dragon skeleton (Crypt:2)
  19 deep elf archers
  5 spectral hydras (Swamp:4)
  2 orc knights (Orc:2)
  A bunyip skeleton (Crypt:2)
  A shadow dragon zombie (Crypt:2)
  14 ironbound convokers
  Pikel (D:5)
  7 necromancers
  38 ugly things
  9 phantasmal warriors
  4 manticores
  21 wolf spiders
  A fire giant zombie (D:15)
  A frost giant zombie (Vaults:2)
  40 deep elf pyromancers
  34 deep elf zephyrmancers
  3 orc sorcerers
  3 oklob plants (Swamp:4)
  2 cyclopes
  5 shining eyes
  A salamander (Depths:4)
  An ice statue (IceCv)
  36 moths of wrath
  12 vault sentinels
  3 will-o-the-wisps
  A salamander (shapeshifter) (Elf:2)
  A rust devil (Crypt:3)
  6 eyes of devastation
  A stone giant skeleton (D:15)
  A black mamba (shapeshifter) (Vaults:4)
  17 elephants
  An iron dragon skeleton (Vaults:2)
  2 gargoyles (D:11)
  A frost giant skeleton (Depths:3)
  5 torpor snails (Lair:5)
  5 black mambas
  2 smoke demons
  10 demonic crawlers
  7 cane toads
  A red draconian zombie (Crypt:3)
  An unseen horror (D:10)
  15 komodo dragons
  21 yaktaurs
  3 rime drakes (Lair:5)
  2 hellions (Depths:1)
  7 freezing wraiths
  3 orange demons
  A spark wasp simulacrum (Depths:1)
  A yaktaur skeleton (Vaults:2)
  An ice devil (IceCv)
  3 death drake zombies (Swamp:4)
  A golden dragon simulacrum (Depths:3)
  3 hydra zombies (Swamp:4)
  A tengu conjurer (Depths:3)
  An anaconda simulacrum (IceCv)
  A purple draconian skeleton (Crypt:2)
  A harpy zombie (Crypt:2)
  12 meliai
  3 guardian mummies (Crypt:3)
  A bloated husk (Swamp:1)
  A green draconian skeleton (Crypt:2)
  2 hellwings
  4 red devils
  A polar bear (Lair:5)
  7 trolls
  11 tyrant leeches
  An ettin zombie (D:15)
  19 hornets
  2 hydra skeletons (Swamp:4)
  5 dream sheep
  22 tarantellas
  21 blink frogs
  2 fire dragon zombies (Crypt:3)
  A culicivora zombie (Crypt:1)
  2 death drake skeletons
  5 water elementals
  9 flying skulls
  27 jumping spiders
  2 spriggans (shapeshifter)
  A culicivora (shapeshifter) (D:14)
  25 culicivoras
  13 spriggans
  5 air elementals
  A shadow (D:11)
  13 wraiths
  6 wyverns
  107 slime creatures
  35 yaks
  13 basilisks
  5 fire elementals
  3 ushabtiu (Crypt:3)
  7 fire bats
  7 golden eyes
  A ynoxinul (Depths:1)
  3 chaos spawn
  11 vampire mosquitoes
  A death yak simulacrum (IceCv)
  3 steam dragons
  2 neqoxecs (Depths:3)
  62 redbacks
  Menkaure (D:5)
  Grum (Lair:1)
  A warg (Orc:2)
  3 harpy simulacra (IceCv)
  A hydra simulacrum (Swamp:4)
  11 water moccasins
  15 swamp worms
  Duvessa (D:5)
  An acid dragon (D:13)
  6 swamp drakes
  2 floating eyes (Slime:4)
  3 hell hounds (D:14)
  A deep troll skeleton (Crypt:3)
  A cane toad skeleton (Crypt:3)
  A naga skeleton (Crypt:3)
  4 sky beasts
  38 orc warriors
  A black bear (Lair:3)
  11 ogres
  A black bear (shapeshifter) (Depths:3)
  A torpor snail zombie (Crypt:1)
  A tengu (shapeshifter) (Elf:1)
  12 wolves
  17 centaurs
  2 swamp dragon skeletons
  2 phantoms
  A hog skeleton (Crypt:1)
  5 kobold brigands
  A lemure (D:5)
  An elf zombie (Crypt:3)
  9 bullfrogs
  3 necrophages
  2 gnoll sergeants
  A scorpion (D:4)
  7 two-headed ogre simulacra (IceCv)
  2 earth elementals
  An elf skeleton (Crypt:1)
  A cane toad simulacrum (IceCv)
  A glowing shapeshifter simulacrum (Depths:3)
  6 wights
  Dowan (D:5)
  18 jellies
  11 killer bees
  A tengu skeleton (Depths:1)
  8 howler monkeys
  A shapeshifter skeleton (Crypt:2)
  6 crimson imps (D:11)
  A bullfrog zombie (Crypt:1)
  A hound (D:6)
  3 gnoll boudas
  26 orc priests
  2 sleepcaps
  7 iron imps (Crypt:3)
  Ijyb (D:3)
  23 orc wizards
  5 iguanas
  A human skeleton (Crypt:3)
  4 polar bear simulacra (IceCv)
  3 troll simulacra (IceCv)
  9 spriggan simulacra
  3 wolf simulacra (IceCv)
  2 naga zombies
  A deep dwarf zombie (Crypt:2)
  A hound zombie (Crypt:1)
  27 gnolls
  12 adders
  9 river rats (D:8)
  3 naga simulacra (IceCv)
  3 shadow imps
  8 white imps
  4 ufetubi
  A worm zombie (Crypt:1)
  3 worms
  A dart slug (D:2)
  85 orcs
  5 ball pythons
  10 endoplasms
  A giant cockroach (D:4)
  6 hobgoblins
  4 jackals
  7 quokkas
  5 training dummies
  A ball python skeleton (Crypt:2)
  2 bats
  3 frilled lizards
  4 goblins
  29 kobolds
  A quokka skeleton (Crypt:3)
  14 rats (D:8)
2417 creatures vanquished.

Vanquished Creatures (collateral kills)
  the Royal Jelly (Slime:5)
  Mara (Spider:3)
  An acid blob (Slime:3)
  A deep elf master archer (Elf:3)
  A black draconian (Zot:4)
  A radroach (Spider:1)
  A redback (Spider:3)
  9 foxfires (Lair:5)
16 creatures vanquished.

Vanquished Creatures (others)
  A fire giant (Depths:2)
  A fire dragon (Zot:1)
  A soul eater (Depths:4)
  A deep elf zephyrmancer (Elf:2)
  An orange demon (Depths:4)
  2 humans (D:13)
  A centaur (D:13)
  4 demonic plants (Gauntlet)
  625 foxfires
  23 fungi
  78 plants
  5 withered plants (D:15)
743 creatures vanquished.

Grand Total: 3176 creatures vanquished

Notes
Turn   | Place    | Note
-------+----------+-------------------------------------------
     0 | D:1      | RepoMan the Troll Conjurer began the quest for the Orb.
     0 | D:1      | Reached XP level 1. HP: 16/16 MP: 1/1
   290 | D:1      | Reached skill level 1 in Unarmed Combat
   365 | D:1      | Reached XP level 2. HP: 26/26 MP: 2/2
  1025 | D:2      | Identified the +2 scale mail "Afichypt" {rPois rF- Will+++
                  | Str-5}
  1399 | D:2      | You fall into a shaft and drop 2 floors!
  1420 | D:4      | Noticed a scorpion
  1490 | D:4      | Reached skill level 1 in Fighting
  1490 | D:4      | Reached XP level 3. HP: 11/33 MP: 3/3
  1541 | D:4      | Noticed a phantom
  1565 | D:3      | Reached XP level 4. HP: 32/41 MP: 4/4
  1687 | D:2      | Found a faded altar of an unknown god.
  1945 | D:3      | Reached XP level 5. HP: 47/49 MP: 1/5
  2353 | D:3      | Noticed Ijyb
  2356 | D:3      | Killed Ijyb
  2963 | D:4      | Killed a phantom
  2964 | D:4      | Reached XP level 6. HP: 50/57 MP: 4/6
  3520 | D:5      | Entered Level 5 of the Dungeon
  3655 | D:5      | Noticed a sky beast
  3675 | D:5      | Killed a sky beast
  3676 | D:5      | Reached skill level 5 in Unarmed Combat
  3676 | D:5      | Reached XP level 7. HP: 61/66 MP: 5/7
  3839 | D:5      | Noticed Menkaure
  3898 | D:5      | Noticed Pikel
  3920 | D:5      | Killed Pikel
  3921 | D:5      | Reached XP level 8. HP: 41/76 MP: 1/8
  4266 | D:5      | Learned a level 2 spell: Wereblood
  4380 | D:5      | Killed Menkaure
  4434 | D:5      | Noticed Duvessa
  4434 | D:5      | Noticed Dowan
  4436 | D:5      | Killed Dowan
  4440 | D:5      | Killed Duvessa
  4651 | D:6      | Reached skill level 1 in Transmutations
  5189 | D:6      | Reached XP level 9. HP: 68/85 MP: 6/11
  5421 | D:6      | Found a staircase to the Ecumenical Temple.
  5438 | Temple   | Entered the Ecumenical Temple
  5812 | Temple   | Became a worshipper of Ashenzari the Shackled
  5835 | D:6      | Identified the +4 scale mail "Zeky" {Fly Int+4 SInv}
  5929 | D:6      | Reached skill level 5 in Dodging
  6186 | D:7      | Paralysed by a hornet for 2 turns
  6507 | D:7      | Reached skill level 5 in Fighting
  7336 | D:7      | Found a stormy altar of Qazlal.
  7596 | D:8      | Noticed Maggie
  7606 | D:8      | Maggie changed into Maggie the fire bat
  7606 | D:8      | Noticed Maggie
  7618 | D:8      | Killed Maggie the fire bat
  7664 | D:8      | Noticed an orange demon
  7671 | D:8      | Noticed Amaemon
  7677 | D:8      | Reached XP level 10. HP: 67/98 MP: 9/12
  7684 | D:8      | Killed an orange demon
  7702 | D:8      | Killed Amaemon
  7792 | D:8      | Reached skill level 10 in Unarmed Combat
  8347 | D:8      | Found Zuoqa's Distillery.
  8355 | D:8      | Bought 2 potions of curing for 72 gold pieces
  8355 | D:8      | Bought a potion of resistance for 120 gold pieces
  8355 | D:8      | Bought a potion of might for 48 gold pieces
  8355 | D:8      | Bought a potion of flight for 36 gold pieces
  8530 | D:9      | Found Qogg's Antique Armour Shop.
  8580 | D:9      | Noticed a two-headed ogre
  8662 | D:9      | Paralysed by a hornet for 3 turns
  8730 | D:9      | Learned a level 1 spell: Foxfire
  8760 | D:9      | Reached skill level 3 in Conjurations
  8788 | D:9      | Noticed a two-headed ogre
  8801 | D:9      | Killed a two-headed ogre
  9154 | D:9      | Noticed Erica
  9173 | D:9      | Killed Erica
  9174 | D:9      | Reached XP level 11. HP: 87/107 MP: 8/13
  9318 | D:9      | Killed a two-headed ogre
  9350 | D:9      | Reached * piety under Ashenzari
  9470 | D:9      | Found Gawain's Dragon-Slaying Spoils.
  9598 | D:10     | Entered Level 10 of the Dungeon
  9602 | D:10     | Upgraded the game from 0.30-a0-867-g305f33218d to
                  | 0.30-a0-878-gc727b3d3d6
  9681 | D:10     | Noticed Urug
  9695 | D:10     | Killed Urug
  9800 | D:10     | Learned a level 3 spell: Dazzling Flash
  9803 | D:10     | Identified the +1 leather armour "Tauqilygg" {rF+ rN+
                  | Dex+2}
  9850 | D:10     | Found a staircase to the Lair.
 10023 | D:10     | Found a staircase to the Orcish Mines.
 10300 | D:10     | Reached ** piety under Ashenzari
 10613 | D:11     | Found a frozen archway.
 10620 | IceCv    | Entered an ice cave
 10967 | IceCv    | Identified a scroll of acquirement
 11020 | IceCv    | Acquired a book of Cantrips
 11026 | IceCv    | Learned a level 1 spell: Apportation
 11232 | IceCv    | Noticed a bog body
 11232 | IceCv    | Noticed a bog body
 11240 | IceCv    | Killed a bog body
 11250 | IceCv    | Killed a bog body
 11251 | IceCv    | Reached skill level 4 in Conjurations
 11251 | IceCv    | Reached XP level 12. HP: 93/123 MP: 6/15
 12365 | D:12     | Noticed a two-headed ogre
 12419 | D:9      | Bought a cloak for 121 gold pieces
 12424 | D:9      | Reached *** piety under Ashenzari
 12451 | Lair:1   | Entered Level 1 of the Lair of Beasts
 12575 | Lair:1   | Reached **** piety under Ashenzari
 12951 | Lair:1   | Noticed Grum
 12954 | Lair:1   | Killed Grum
 13686 | Lair:2   | Found a hole to the Spider Nest.
 14782 | Lair:3   | Found a staircase to the Swamp.
 14932 | Lair:3   | Reached ***** piety under Ashenzari
 15014 | Lair:3   | Reached XP level 13. HP: 122/137 MP: 17/17
 15032 | Lair:3   | Reached skill level 1 in Fire Magic
 15174 | Lair:3   | Reached skill level 10 in Fighting
 15197 | Lair:3   | Reached skill level 5 in Conjurations
 15496 | Lair:4   | Identified the +0 leather armour of Masochism {rF- Regen+
                  | rCorr Dex+2}
 15555 | Lair:4   | Identified the cursed +0 cloak "Restrained Repose" {Melee,
                  | Range} (You bought it in a shop on level 9 of the Dungeon)
 15555 | Lair:4   | Identified the cursed +0 steam dragon scales of Desmomancy
                  | {Elem, Fort} (You found it on level 8 of the Dungeon)
 15578 | Lair:4   | Learned a level 5 spell: Fireball
 15581 | Lair:4   | Learned a level 2 spell: Sublimation of Blood
 15675 | Lair:4   | Noticed Dutolum's ghost (journeyman AtFi)
 15700 | Lair:4   | Found a transporter.
 16007 | Lair:4   | Found a transporter.
 16468 | Lair:5   | Entered Level 5 of the Lair of Beasts
 16678 | Lair:4   | Reached skill level 6 in Conjurations
 17096 | Lair:5   | Reached XP level 14. HP: 136/153 MP: 1/20
 17666 | Lair:5   | Reached skill level 5 in Fire Magic
 17856 | Lair:5   | Learned a level 6 spell: Starburst
 17904 | Lair:5   | Reached skill level 7 in Conjurations
 18215 | Lair:5   | Found a staircase to the Slime Pits.
 18574 | Lair:5   | Found a runed translucent door.
 18635 | Lair:5   | Paralysed by a hornet for 3 turns
 18724 | Lair:5   | Paralysed by a hornet for 2 turns
 19185 | Orc:1    | Entered Level 1 of the Orcish Mines
 19699 | Orc:2    | Entered Level 2 of the Orcish Mines
 19699 | Orc:2    | Found a staircase to the Elven Halls.
 19742 | Orc:2    | Reached skill level 8 in Conjurations
 19761 | Orc:2    | Found a gate leading to a gauntlet.
 19793 | Gauntlet | Entered a Gauntlet
 19793 | Gauntlet | Found a transporter.
 19793 | Gauntlet | Found a transporter.
 19793 | Gauntlet | Found a runed translucent door.
 19793 | Gauntlet | Found a runed translucent door.
 19798 | Gauntlet | Found a runed translucent door.
 19799 | Gauntlet | Found a transporter.
 19815 | Gauntlet | Found a transporter.
 19829 | Gauntlet | Found a transporter.
 19829 | Gauntlet | Found a transporter.
 19831 | Gauntlet | Found a transporter.
 19831 | Gauntlet | Identified the +2 pair of gloves of the Present {Str+3}
 19834 | Gauntlet | Found a transporter.
 19834 | Gauntlet | Found a transporter.
 19847 | Gauntlet | Found a transporter.
 19847 | Gauntlet | Identified the +0 helmet of the Depths {Regen+}
 19861 | Gauntlet | Identified the +1 helmet of Lugonu's Wrath {rF+ Will+ MP+9}
 19863 | Gauntlet | Found a transporter.
 19873 | Gauntlet | Found a transporter.
 19887 | Gauntlet | Found a transporter.
 19900 | Gauntlet | Identified the +4 chain mail of the Slightly Bent {Str+4
                  | SInv}
 19906 | Gauntlet | Found a transporter.
 19961 | Gauntlet | Reached skill level 1 in Shields
 20064 | Gauntlet | Reached XP level 15. HP: 161/161 MP: 14/22
 20408 | Orc:2    | Found Zoetogy's Magic Scroll Shoppe.
 20408 | Orc:2    | Found Xifous's Book Shop.
 20423 | Orc:2    | Found Vaipn's General Store.
 20425 | Orc:2    | Found Vavvod's Weapon Boutique.
 20432 | Orc:2    | Bought a scroll of immolation for 44 gold pieces
 20432 | Orc:2    | Bought a scroll of teleportation for 33 gold pieces
 20432 | Orc:2    | Bought a scroll of amnesia for 44 gold pieces
 20434 | Orc:2    | Bought a potion of heal wounds for 75 gold pieces
 20434 | Orc:2    | Bought 2 potions of heal wounds for 150 gold pieces
 21221 | Orc:2    | Found Icupsa's Armour Boutique.
 21580 | Orc:1    | Noticed Nergalle
 21686 | Orc:1    | Killed Nergalle
 22053 | D:8      | Bought a potion of curing for 36 gold pieces
 22053 | D:8      | Bought a potion of might for 48 gold pieces
 22053 | D:8      | Bought a potion of magic for 96 gold pieces
 22053 | D:8      | Bought a potion of curing for 36 gold pieces
 22053 | D:8      | Bought a potion of curing for 36 gold pieces
 22053 | D:8      | Bought a potion of brilliance for 48 gold pieces
 22759 | D:12     | Noticed Josephine
 22772 | D:12     | Killed Josephine
 22773 | D:12     | Reached skill level 9 in Conjurations
 22773 | D:12     | Reached XP level 16. HP: 144/160 MP: 13/21
 23347 | D:13     | Noticed Kirke
 23363 | D:13     | Killed Kirke
 23409 | D:13     | Found a portal to a secret trove of treasure.
 23478 | D:13     | Noticed Snorg
 23506 | D:13     | Killed Snorg
 23615 | D:13     | Learned a level 5 spell: Irradiate
 23678 | D:13     | Noticed Sonja
 23679 | D:13     | Sonja changed into Sonja the hornet
 23679 | D:13     | Noticed Sonja
 23683 | D:13     | Killed Sonja the hornet
 23737 | D:13     | Found a gate to the Vaults.
 24315 | D:13     | Upgraded the game from 0.30-a0-878-gc727b3d3d6 to
                  | 0.30-a0-879-ga8ba668304
 24411 | D:14     | Noticed Azrael
 24430 | D:14     | Killed Azrael
 24478 | D:14     | Identified Roxanne's Precepts of the Switch
 24478 | D:14     | Noticed Roxanne
 24698 | D:14     | Found a radiant altar of Vehumet.
 25349 | D:15     | Entered Level 15 of the Dungeon
 25460 | D:15     | Acquired the +2 hat of the Merchant {+Blink rF+++ rC-
                  | Stlth-}
 25561 | D:15     | Found Tapp's Weapon Boutique.
 25588 | D:15     | Reached skill level 5 in Shields
 25588 | D:15     | Reached skill level 10 in Conjurations
 26450 | D:15     | Found a staircase to the Depths.
 26827 | Spider:1 | Entered Level 1 of the Spider Nest
 28009 | Spider:2 | Noticed Mlioglotl
 28153 | Spider:2 | Identified the +5 dagger "Kich" {spect, rC+}
 28162 | Spider:2 | Reached XP level 17. HP: 185/185 MP: 6/27
 28184 | Spider:2 | Noticed Louise
 28377 | Spider:2 | Killed Louise
 28998 | Spider:2 | Reached skill level 11 in Conjurations
 29314 | Spider:2 | Killed Mlioglotl
 29347 | Spider:2 | Identified the cursed +0 swamp dragon scales "Seer of
                  | Ashenzari" {rPois, Self, Melee} (You found it on level 5 of
                  | the Lair of Beasts)
 30319 | Spider:3 | Learned a level 3 spell: Stone Arrow
 30618 | Spider:3 | Noticed Mara
 30621 | Spider:3 | Noticed RepoMan's illusion
 30628 | Spider:3 | Killed Mara
 31861 | Spider:3 | Reached skill level 15 in Unarmed Combat
 32194 | Swamp:1  | Entered Level 1 of the Swamp
 33792 | Swamp:2  | Reached skill level 12 in Conjurations
 33959 | Swamp:2  | Noticed Aizul
 34096 | Swamp:2  | Killed Aizul
 34353 | Swamp:2  | Identified the +1 dire flail "Jadiorr" {freeze, rElec rF+}
 34663 | Swamp:3  | Reached XP level 18. HP: 145/198 MP: 10/28
 35546 | Swamp:4  | Entered Level 4 of the Swamp
 37299 | Swamp:4  | Reached skill level 5 in Spellcasting
 38176 | Swamp:4  | Found a blossoming altar of Fedhas.
 38308 | Swamp:4  | Found a basalt altar of Yredelemnul.
 38320 | Swamp:4  | Got a decaying rune of Zot
 39218 | Spider:4 | Entered Level 4 of the Spider Nest
 39907 | Spider:4 | Noticed Agnes
 39913 | Spider:4 | Killed Agnes
 39914 | Spider:4 | Reached skill level 13 in Conjurations
 41709 | Spider:4 | Reached XP level 19. HP: 206/206 MP: 2/31
 42282 | Spider:4 | Got a gossamer rune of Zot
 42630 | Elf:1    | Entered Level 1 of the Elven Halls
 42748 | Elf:1    | Found a shimmering blue altar of Sif Muna.
 42955 | Elf:1    | Learned a level 7 spell: Orb of Destruction
 43019 | Elf:1    | Reached skill level 10 in Fire Magic
 44023 | Elf:1    | Noticed a Tzitzimitl
 44052 | Elf:1    | Reached skill level 14 in Conjurations
 44196 | Elf:1    | Noticed a Tzitzimitl
 44288 | Elf:1    | Found a runed translucent gate.
 44288 | Elf:1    | Found a runed translucent gate.
 44288 | Elf:1    | Found a runed translucent gate.
 44288 | Elf:1    | Found a runed translucent gate.
 44288 | Elf:1    | Found a runed translucent gate.
 44290 | Elf:1    | Found a runed translucent gate.
 44603 | Elf:2    | Found Lileikk's Firing Range.
 44703 | Elf:2    | Found a runed translucent gate.
 44703 | Elf:2    | Found a runed translucent gate.
 44703 | Elf:2    | Found a runed translucent gate.
 45978 | Elf:2    | Noticed Donald
 46016 | Elf:2    | Killed Donald
 47384 | Elf:3    | Entered Level 3 of the Elven Halls
 47475 | Elf:3    | Paralysed by an air elemental for 1 turns
 47777 | Elf:3    | Reached skill level 15 in Conjurations
 48539 | Elf:3    | Reached XP level 20. HP: 215/215 MP: 20/32
 49483 | Elf:3    | Identified the +3 leather armour of the Watchman {rF+
                  | Str+3}
 49790 | Elf:3    | Identified the +3 ring mail of Xuqos {Fly rN+}
 50207 | Elf:3    | Identified the +5 long sword "Puipipp" {vamp, rC+ Int+6
                  | Dex-3}
 51444 | Elf:3    | Upgraded the game from 0.30-a0-879-ga8ba668304 to
                  | 0.30-a0-883-g5ad918d77d
 51655 | Vaults:1 | Entered Level 1 of the Vaults
 51712 | Vaults:1 | Learned a level 2 spell: Lesser Beckoning
 51996 | Vaults:1 | Found Wuonuen's General Store.
 52019 | Vaults:1 | Reached skill level 1 in Translocations
 52025 | Vaults:1 | Reached skill level 1 in Necromancy
 52237 | Vaults:1 | Reached skill level 16 in Conjurations
 52263 | Vaults:1 | Bought a book of Spatial Translocations for 288 gold pieces
 52263 | Vaults:1 | Bought a wand of iceblast (1) for 38 gold pieces
 52267 | Vaults:1 | Learned a level 2 spell: Blink
 54859 | Vaults:2 | Found a staircase to the Crypt.
 55702 | Vaults:2 | Reached XP level 21. HP: 223/223 MP: 9/34
 55709 | Vaults:2 | Learned a level 4 spell: Iskenderun's Mystic Blast
 57299 | Vaults:2 | Reached skill level 17 in Conjurations
 57325 | Vaults:2 | Learned a level 2 spell: Passwall
 58476 | D:15     | Bought the +6 Majin-Bo {spellvamp, MP+6 Int+6} for 1067
                  | gold pieces
 58476 | D:15     | Found the +6 Majin-Bo {spellvamp, MP+6 Int+6}
 58788 | Vaults:3 | Identified the +4 falchion "Qyni" {distort, Dex+3}
 59911 | Vaults:3 | Found Betanaij's Book Shoppe.
 59921 | Vaults:3 | Bought a manual of Conjurations for 1200 gold pieces
 60488 | Vaults:4 | Reached skill level 18 in Conjurations
 61985 | Vaults:4 | Reached XP level 22. HP: 234/234 MP: 28/36
 62730 | Vaults:4 | Reached ****** piety under Ashenzari
 62739 | Vaults:4 | Learned a level 5 spell: Blade Hands
 62741 | Vaults:4 | Identified the cursed +0 kite shield "Sublime Seeker" {rC+,
                  | Self, Bglg} (You found it in an ice cave)
 62893 | Crypt:1  | Entered Level 1 of the Crypt
 63555 | Crypt:1  | Reached skill level 19 in Conjurations
 65028 | Crypt:2  | Reached skill level 15 in Fire Magic
 65471 | Crypt:2  | Found a runed translucent gate.
 65471 | Crypt:2  | Found a runed translucent gate.
 65471 | Crypt:2  | Found a runed translucent gate.
 65472 | Crypt:2  | Found an opulent altar of Gozag.
 65473 | Crypt:2  | Found Mos Bofo's Assorted Antiques.
 65473 | Crypt:2  | Noticed Morbidden's ghost (veteran AtFi)
 66461 | Crypt:3  | Entered Level 3 of the Crypt
 66811 | Crypt:3  | Found a burning altar of Makhleb.
 67542 | Crypt:3  | Found a staircase to the Tomb.
 67683 | Crypt:3  | Identified the +4 war axe of Cheibriados {chaos, Str+5}
 68346 | Crypt:3  | Reached skill level 20 in Conjurations
 68848 | Crypt:3  | Noticed a curse toe
 68855 | Crypt:3  | Killed a curse toe
 68968 | Crypt:3  | Found an ancient bone altar of Kikubaaqudgha.
 68971 | Crypt:3  | Found a basalt altar of Yredelemnul.
 68973 | Crypt:3  | Identified the +9 whip "Oryhuh" {flame, rPois rF+ rC++
                  | Int-2}
 68974 | Crypt:3  | Identified the ring of Simewniuzi {rElec rN+ Int-5 Dex+4}
 68975 | Crypt:3  | Found the +4 consecrated labrys {holy, Valiant Fragile Fly
                  | SInv}
 69526 | Depths:1 | Entered Level 1 of the Depths
 69952 | Depths:1 | Found a gateway to Hell.
 70464 | Depths:1 | Identified the Omnibus of the Singularity and Mortification
 70602 | Depths:1 | Reached XP level 23. HP: 211/245 MP: 5/38
 71345 | Depths:1 | Found a one-way gate leading to the halls of Pandemonium.
 73291 | Depths:2 | Identified the +10 short sword of Wu Jian's Displeasure
                  | {distort, rElec rPois rC- rN++}
 73358 | Depths:2 | Identified the +4 demon trident of the Dragonfly {drain,
                  | rPois rN+ Int-5}
 74538 | Depths:3 | Paralysed by a Zot trap for 2 turns
 74823 | Depths:3 | Found a one-way gateway to a ziggurat.
 74832 | Depths:3 | Reached skill level 21 in Conjurations
 74965 | Depths:3 | Found a runed translucent door.
 74965 | Depths:3 | Noticed Qoapt's ghost (veteran GnSk)
 74965 | Depths:3 | Identified the +6 scale mail of Pride {Regen+}
 74988 | Depths:3 | Reached skill level 1 in Armour
 75243 | Depths:3 | Found a bloodstained altar of Trog.
 75868 | Depths:3 | Gained mutation: You are frail. (-10% HP) [a neqoxec]
 76301 | Depths:3 | Found the +5 demon whip "Spellbinder" {antimagic, disrupt,
                  | Will+}
 76366 | Depths:3 | Found Ryjiodeg's Weapon Emporium.
 76453 | Depths:3 | Found a one-way gate to the infinite horrors of the Abyss.
 76964 | Depths:4 | Entered Level 4 of the Depths
 78564 | Depths:4 | Learned a level 8 spell: Ignition
 78564 | Depths:4 | Acquired the ring of Daomic {Wiz MP+9}
 78574 | Depths:4 | Acquired the +10 gold dragon scales "Roygu" {rPois rF+ rC+
                  | Int+10 Dex-2}
 79303 | Depths:4 | Reached XP level 24. HP: 230/230 MP: 1/39
 80269 | Depths:4 | Found a gate to the Realm of Zot.
 81719 | Depths:4 | Identified the +9 glaive of Bloodstone {heavy, *Slow rC+
                  | Will+}
 82203 | Slime:1  | Entered Level 1 of the Pits of Slime
 82528 | Slime:3  | Reached skill level 10 in Spellcasting
 83194 | Slime:4  | Reached skill level 5 in Armour
 83785 | Slime:5  | Entered Level 5 of the Pits of Slime
 83929 | Slime:5  | Gained mutation: Your magical capacity is low. (-10% MP) [a
                  | shining eye]
 83932 | Slime:5  | Gained mutation: You are vulnerable to cold. (rC-) [a
                  | shining eye]
 83936 | Slime:4  | Lost mutation: Your magical capacity is low. (-10% MP)
                  | [potion of mutation]
 83936 | Slime:4  | Lost mutation: You are frail. (-10% HP) [potion of
                  | mutation]
 83936 | Slime:4  | Gained mutation: You passively map a small area around you.
                  | [potion of mutation]
 83936 | Slime:4  | Gained mutation: Your magical capacity is low. (-10% MP)
                  | [potion of mutation]
 83936 | Slime:4  | Gained mutation: You have a pair of small horns on your
                  | head. [potion of mutation]
 83936 | Slime:4  | Gained mutation: You are partially covered in iridescent
                  | scales. (AC +2) [potion of mutation]
 83937 | Slime:4  | Lost mutation: You are partially covered in iridescent
                  | scales. (AC +2) [potion of mutation]
 83937 | Slime:4  | Lost mutation: You are vulnerable to cold. (rC-) [potion of
                  | mutation]
 83937 | Slime:4  | Lost mutation: You passively map a small area around you.
                  | [potion of mutation]
 83937 | Slime:4  | Gained mutation: You heal very quickly. [potion of
                  | mutation]
 83937 | Slime:4  | Gained mutation: You have large cloven feet. [potion of
                  | mutation]
 83937 | Slime:4  | Gained mutation: You expend magic power (3 MP) to
                  | strengthen your wands. [potion of mutation]
 84332 | Slime:5  | Noticed the Royal Jelly
 84337 | Slime:5  | Killed the Royal Jelly
 84338 | Slime:5  | Reached skill level 5 in Transmutations
 85027 | Slime:5  | Identified the amulet of Weimp {Reflect rF+ Dex+3 SH+5}
 85030 | Slime:5  | Found the +4 moon troll leather armour {Spirit, Regen++
                  | MP+5}
 85030 | Slime:5  | Found the +9 sword of Zonguldrok {reap}
 85031 | Slime:5  | Identified the ring "Upaegokh" {rF+ Will+ Int+3}
 85031 | Slime:5  | Identified the Compendium of the Tundra and Conjuring
 85032 | Slime:5  | Identified the +0 broad axe of the Elven Halls {heavy,
                  | Will- rCorr Str+2}
 85032 | Slime:5  | Identified the +1 hand axe "Earthworm" {holy, *Rage rPois
                  | Int+3 Stlth+}
 85082 | Slime:5  | Identified the Precepts of the Salvo
 85111 | Slime:5  | Got a slimy rune of Zot
 85576 | Zot:1    | Entered Level 1 of the Realm of Zot
 88547 | Zot:2    | Reached XP level 25. HP: 261/261 MP: 32/34
 89077 | Zot:2    | Noticed an orb of fire
 89081 | Zot:2    | Killed an orb of fire
 89408 | Zot:2    | Noticed Parghit
 89415 | Zot:2    | Killed Parghit
 89416 | Zot:2    | Reached skill level 15 in Fighting
 92910 | Zot:4    | Identified the +3 mace "Ydghegusch" {freeze, rC+}
 95486 | Zot:4    | Found a transporter.
 96200 | Zot:5    | Entered Level 5 of the Realm of Zot
 97015 | Zot:5    | Reached skill level 10 in Armour
 97729 | Zot:5    | Noticed a dread lich
 97751 | Zot:5    | Killed a dread lich
 97752 | Zot:5    | Reached XP level 26. HP: 269/273 MP: 13/34
 97976 | Zot:5    | Identified the +7 chain mail "Efovek" {rF+ Will+}
 98103 | Zot:5    | Noticed an orb of fire
 98107 | Zot:5    | Gained mutation: You are dopey. (Int -2) [an orb of fire]
 98109 | Zot:5    | Killed an orb of fire
 98111 | Zot:5    | Noticed an orb of fire
 98258 | Zot:5    | Killed an orb of fire
 98676 | Zot:5    | Noticed an orb of fire
 98681 | Zot:5    | Gained mutation: You are very dopey. (Int -4) [an orb of
                  | fire]
 98682 | Zot:5    | Killed an orb of fire
 98830 | Zot:5    | Noticed an orb of fire
 98838 | Zot:5    | Killed an orb of fire
 99048 | Zot:4    | Identified the cursed ring of the Perceptive Fetters {EV+5,
                  | Elem, Fort} (You found it on level 2 of the Dungeon)
 99179 | Zot:5    | Noticed an orb of fire
 99185 | Zot:5    | Gained mutation: Your body sometimes deteriorates upon
                  | taking damage. [an orb of fire]
 99193 | Zot:5    | Gained mutation: Your magical capacity is very low. (-20%
                  | MP) [an orb of fire]
 99195 | Zot:5    | Killed an orb of fire
 99205 | Zot:5    | Lost mutation: You heal very quickly. [potion of mutation]
 99205 | Zot:5    | Lost mutation: You are very dopey. (Int -4) [potion of
                  | mutation]
 99205 | Zot:5    | Lost mutation: You expend magic power (3 MP) to strengthen
                  | your wands. [potion of mutation]
 99206 | Zot:5    | Lost mutation: You have large cloven feet. [potion of
                  | mutation]
 99206 | Zot:5    | Lost mutation: You are dopey. (Int -2) [potion of mutation]
 99206 | Zot:5    | Gained mutation: You passively dampen the noise of your
                  | surroundings. [potion of mutation]
 99206 | Zot:5    | Gained mutation: You are frail. (-10% HP) [potion of
                  | mutation]
 99206 | Zot:5    | Gained mutation: You are covered in thick fur. (AC +2)
                  | [potion of mutation]
 99207 | Zot:5    | Lost mutation: Your magical capacity is very low. (-20% MP)
                  | [potion of mutation]
 99207 | Zot:5    | Lost mutation: Your body sometimes deteriorates upon taking
                  | damage. [potion of mutation]
 99207 | Zot:5    | Lost mutation: You have a pair of small horns on your head.
                  | [potion of mutation]
 99207 | Zot:5    | Gained mutation: You have a pair of small horns on your
                  | head. [potion of mutation]
 99207 | Zot:5    | Gained mutation: You have large cloven feet. [potion of
                  | mutation]
 99207 | Zot:5    | Gained mutation: Potions are less effective at restoring
                  | your health. [potion of mutation]
 99681 | Zot:5    | Noticed an ancient lich
 99686 | Zot:5    | Killed an ancient lich
100660 | Zot:5    | Noticed a dread lich
100662 | Zot:5    | Noticed an orb of fire
100662 | Zot:5    | Noticed an orb of fire
100676 | Zot:5    | Gained mutation: You occasionally shout uncontrollably at
                  | your foes. [an orb of fire]
100698 | Zot:5    | Killed an orb of fire
100701 | Zot:5    | Gained mutation: You are very frail. (-20% HP) [an orb of
                  | fire]
100715 | Zot:5    | Gained mutation: You sometimes lose your temper in combat.
                  | [an orb of fire]
100716 | Zot:5    | Gained mutation: Your magical capacity is very low. (-20%
                  | MP) [an orb of fire]
100723 | Zot:4    | Lost mutation: Your magical capacity is very low. (-20% MP)
                  | [potion of mutation]
100723 | Zot:4    | Lost mutation: You passively dampen the noise of your
                  | surroundings. [potion of mutation]
100723 | Zot:4    | Gained mutation: You are partially covered in iridescent
                  | scales. (AC +2) [potion of mutation]
100723 | Zot:4    | Lost mutation: You occasionally shout uncontrollably at
                  | your foes. [potion of mutation]
100724 | Zot:4    | Lost mutation: Your magical capacity is low. (-10% MP)
                  | [potion of mutation]
100724 | Zot:4    | Lost mutation: You are very frail. (-20% HP) [potion of
                  | mutation]
100724 | Zot:4    | Gained mutation: You are dopey. (Int -2) [potion of
                  | mutation]
100725 | Zot:4    | Lost mutation: You have a pair of small horns on your head.
                  | [potion of mutation]
100725 | Zot:4    | Lost mutation: You have large cloven feet. [potion of
                  | mutation]
100725 | Zot:4    | Gained mutation: You are mostly covered in iridescent
                  | scales. (AC +4) [potion of mutation]
100725 | Zot:4    | Gained mutation: You have a pair of small antennae on your
                  | head. [potion of mutation]
100726 | Zot:4    | Lost mutation: You are dopey. (Int -2) [potion of mutation]
100726 | Zot:4    | Lost mutation: You have a pair of small antennae on your
                  | head. [potion of mutation]
100726 | Zot:4    | Lost mutation: You are mostly covered in iridescent scales.
                  | (AC +4) [potion of mutation]
100726 | Zot:4    | Gained mutation: You expend magic power (3 MP) to
                  | strengthen your wands. [potion of mutation]
100727 | Zot:4    | Lost mutation: Potions are less effective at restoring your
                  | health. [potion of mutation]
100727 | Zot:4    | Lost mutation: You are partially covered in iridescent
                  | scales. (AC +2) [potion of mutation]
100727 | Zot:4    | Lost mutation: You expend magic power (3 MP) to strengthen
                  | your wands. [potion of mutation]
100727 | Zot:4    | Gained mutation: Your body sometimes deteriorates upon
                  | taking damage. [potion of mutation]
100727 | Zot:4    | Lost mutation: You sometimes lose your temper in combat.
                  | [potion of mutation]
101299 | Zot:5    | Noticed an orb of fire
101306 | Zot:5    | Gained mutation: You occasionally shout uncontrollably at
                  | your foes. [an orb of fire]
101308 | Zot:5    | Killed an orb of fire
101349 | Zot:5    | Killed a dread lich
101386 | Zot:5    | Noticed an orb of fire
101389 | Zot:5    | Gained mutation: Your body often deteriorates upon taking
                  | damage. [an orb of fire]
101389 | Zot:5    | Gained mutation: You have hidden genetic defects. [an orb
                  | of fire]
101415 | Zot:5    | Killed an orb of fire
101423 | Zot:5    | Lost mutation: You have hidden genetic defects. [potion of
                  | mutation]
101423 | Zot:5    | Lost mutation: You are covered in thick fur. (AC +2)
                  | [potion of mutation]
101423 | Zot:5    | Lost mutation: Your body often deteriorates upon taking
                  | damage. [potion of mutation]
101423 | Zot:5    | Gained mutation: You have an increased reservoir of magic.
                  | (+10% MP) [potion of mutation]
101423 | Zot:5    | Gained mutation: Your mind is acute. (Int +4, Str/Dex -1)
                  | [potion of mutation]
102302 | Zot:5    | Killed an orb of fire
102497 | Zot:5    | Got the Orb of Zot
102555 | Zot:4    | Noticed an ancient lich
102556 | Zot:4    | Noticed Uckiwimi the pandemonium lord
102704 | Depths:4 | Noticed Dopec the pandemonium lord
103001 | D:4      | Noticed Jepsyer the pandemonium lord
103048 | D:$      | Escaped with the Orb!

Illustrated notes

Levels and vault maps discovered:
D:1:      heliophobic_arrival_henge, layout_basic
D:2:      layout_loops_cross, ebering_ecumenical_altar_abandoned
D:3:      layout_basic, uniq_ijyb
D:4:      layout_basic
D:5:      dreamdust_elfheim, layout_basic, uniq_menkaure, uniq_duvessa,
          uniq_pikel
D:6:      layout_loops_corners, minmay_temple_entry_mini_moons
D:7:      layout_layer_cave, general_overflow_altar
D:8:      lemuel_ratsnest, layout_cave_pools, serial_shops, shop, minivault_10,
          hangedman_decor_opposing, uniq_maggie, uniq_amaemon
D:9:      layout_cave_pools, serial_shops, nicolae_stop_n_shop_1,
          serial_park_tiny_2, nicolae_shop_dragon_depot, uniq_erica
D:10:     layout_cave_pools, lair_entry_dummy, erik_orc_1, uniq_urug
D:11:     layout_loops_ring, portal_ice_cave_entry_pillars_2, minmay_nine_imps
D:12:     layout_loops_ring, uniq_josephine
D:13:     layout_roguey, erik_vaults_2, enter_trove_3, uniq_kirke, uniq_snorg,
          uniq_sonja
D:14:     layout_irregular_city, roderic_lattice_a, vehumet_crystals,
          uniq_azrael, uniq_roxanne
D:15:     gammafunk_depths_entry_grave, layout_cave_pods, serial_shops,
          nicolae_diamond_shop
Temple:   mainiacjoe_temple_circle_huts
Lair:1:   layout_cave_pods, minmay_hedge_maze, lemuel_fruit_tree, uniq_grum
Lair:2:   layout_small_grid, spider_nest_entry_a, grunt_megastairs_4
Lair:3:   layout_hall_layers, swamp_mist
Lair:4:   layout_small_grid, gammafunk_ghost_arena, cheibrodos_lair_reptile_den
Lair:5:   wormcave, layout_small_grid, guppyfry_lair_end_dragon,
          minmay_slime_entry_jelly_boxes, infiniplex_staircase_pool_2,
          lemuel_fruit_fields
Swamp:1:  layout_basic_swamp, nicolae_swamp_oxbows, swamp_pool3
Swamp:2:  layout_falls_marsh, evilmike_swamp_ruin_house_4, uniq_aizul
Swamp:3:  layout_basic_swamp, evilmike_swamp_ruin_wall
Swamp:4:  byrel_swamp_growth_death_and_undeath, layout_basic_swamp
Spider:1: layout_spider_delve, nicolae_spider_solar_radiation
Spider:2: layout_cave_pods, uniq_mlioglotl, uniq_louise
Spider:3: layout_cave_pods, guppyfry_spider_mini_2, uniq_mara
Spider:4: grunt_spider_rune_circles, nicolae_spider_checkerboard,
          hangedman_spider_tarantella_strand, uniq_agnes
Slime:1:  layout_caves, basic_altar
Slime:2:  layout_caves
Slime:3:  cheibrodos_slime_lost_civilization_3, layout_caves
Slime:4:  layout_caves
Slime:5
Orc:1:    layout_diamond_mine, bh_open_orc_temple, uniq_nergalle
Orc:2:    st_orc_rangers, layout_caves, serial_shops,
          nicolae_shop_temple_entry_statues_fountains, gauntlet_entry_generic
Elf:1:    eino_elf_arrival_customs, layout_rooms, basic_altar, orc_legates,
          roderic_lattice_octagonal_star
Elf:2:    elven_hall_of_blades_hangedman_original [nooodl_blade_entry_preview],
          layout_loops_cross, hangedman_elf_power_crystal,
          nicolae_shop_firing_range, uniq_donald
Elf:3:    minmay_elf_hall_statues, layout_geoelf_grid, grunt_megastairs_5
Vaults:1: v_misc_13, ontoclasm_vaults_twist, grunt_vaults_hallway_short,
          grunt_vaults_funnel, vaults_mumra_chevron, v_misc_16,
          hangedman_vaults_stretched_pinwheel, vaults_room_mumra_shop_pool,
          v_alt_pattern_2, nicolae_vaults_border_crossing,
          layout_vaults_omnigrid
Vaults:2: ontoclasm_vaults_gateway, v_alt_pattern_3,
          nicolae_vaults_little_squares_6, nicolae_vaults_rhombus_7,
          hangedman_vaults_cutoff, v_misc_13, minmay_crypt_entry_simple_box,
          hangedman_vaults_corner_blocks,
          vaults_standard_mumra_enter_the_diamond, vaults_standard_mumra_lines,
          nicolae_vaults_little_squares_3, hangedman_vaults_hard_town_square,
          vaults_room_stairs_pillars, vaults_dpeg_emergency_exit,
          nicolae_vaults_sealed_display, layout_vaults_ring
Vaults:3: vaults_room_ringed_pool, nicolae_vaults_mini_display_case,
          v_alt_pattern_2, vaults_dpeg_spiral, dpeg_vaults_hating_casters,
          vaults_room_large_hall, vaults_room_pools, hangedman_vaults_snaps,
          nicolae_vaults_asterisk, ontoclasm_vaults_pinch, vaults_mumra_lcd,
          ontoclasm_vaults_eye, layout_vaults_maze, serial_shops,
          nicolae_shop_statue_plus
Vaults:4: v_rooms_6, hangedman_vaults_impose, hangedman_vaults_maws, v_misc_24,
          st_hourglassy, vaults_room_pool, vaults_standard_mumra_x,
          ontoclasm_vaults_decontamination, hangedman_vaults_hat, v_rooms_3,
          layout_vaults_big_cross
Crypt:1:  layout_regular_city, grunt_megastairs_3
Crypt:2:  layout_chaotic_city, ebering_ghost_gozag
Crypt:3:  lightli_unholy_cathedral, layout_chaotic_city,
          nicolae_tomb_entry_rubble_hallway, lemuel_hellish_altar
Depths:1: layout_gridlike, chequers_serial_rivers_small_3,
          nicolae_hell_entry_hellmouth_sunbeams, rand_demon_pan_entry_7,
          minmay_variable_closet, water_maze_lemuel
Depths:2: minmay_tri_box, layout_honeycomb, pan_entry, hangedman_decor_growths,
          hellmouth_1, minmay_misc_feat_tiny
Depths:3: kennysheep_demon_jail, layout_twisted_cross, enter_ziggurat_b,
          ebering_ghost_reflecting_pool, serial_shops,
          nicolae_shop_behind_doors, hell_entry, rand_demon_pan_entry_9,
          abyss_entry, bloody_trog
Depths:4: lemuel_castle_with_subvaults [lemuel_castle_interior_original],
          layout_cave_pools, nicolae_abyss_entry_one_way_or_another, hell_entry
Zot:1:    nicolae_zot_stationary_front, layout_gridlike
Zot:2:    layout_basic, lemuel_elevator, grunt_megastairs_1, uniq_parghit
Zot:3:    kennysheep_blocky_room, layout_misc_corridors, lemuel_elevator,
          uniq_josephina
Zot:4:    grunt_twist_and_shout, layout_concentric_octagons, st_stairs_5,
          nicolae_diode_basic
Zot:5:    layout_onion, grunt_ministairs_14, hangedman_zot_decor_checkerboard

Skill      XL: |  1  2  3  4  5  6  7  8  9 10 11 12 13 14 15 16 17 18 19 20 21 22 23 24 25 26 |
---------------+-------------------------------------------------------------------------------+-----
Unarmed Combat | 1 2 3 4 5 6 7 9 11 13 14 15 16 | 16.6
Fighting       | 1 2 3 4 5 6 7 9 11 12 13 14 15 | 15.5
Dodging        | 2 3 4 5 6 8 9 |  9.9
Transmutations | 1 3 4 5 7 9 |  9.2
Spellcasting   | 2 3 4 5 6 7 8 9 10 | 10.5
Conjurations   | 3 4 6 8 9 10 12 13 15 16 18 20 21 | 21.9
Fire Magic     | 4 6 7 8 9 11 12 14 15 16 17 | 17.9
Shields        | 2 3 6 7 9 |  9.8
Translocations | 1 |  1.2
Necromancy     | 1 |  1.7
Armour         | 2 7 10 13 | 13.1
Stealth        | |  1.0
Hexes          | |  0.7

Action                     |  1- 3 |  4- 6 |  7- 9 | 10-12 | 13-15 | 16-18 | 19-21 | 22-24 | 25-27 || total
---------------------------+-------+-------+-------+-------+-------+-------+-------+-------+-------++-------
  Melee: Unarmed           |    56 |   104 |   229 |   772 |   664 |  1063 |   631 |   230 |    26 ||  3775
         Staff             |       |       |       |       |       |       |    31 |     9 |     9 ||    49
         Punch             |       |       |       |       |       |       |       |    35 |       ||    35
         Kick              |       |       |       |       |       |       |       |     6 |    10 ||    16
         Headbutt          |       |       |       |       |       |       |       |     2 |     6 ||     8
  Throw: Throwing net      |       |       |     3 |     2 |     3 |     3 |     1 |       |     1 ||    13
         Dart              |       |       |       |     6 |    21 |    29 |     1 |       |       ||    57
   Cast: Magic Dart        |       |    41 |    89 |    31 |       |       |     5 |     1 |     2 ||   169
         Foxfire           |       |       |       |    41 |   304 |    26 |       |       |       ||   371
         Wereblood         |       |       |       |     4 |       |    17 |    22 |    12 |     1 ||    56
         Fireball          |       |       |       |       |    60 |   269 |   206 |    95 |    38 ||   668
         Apportation       |       |       |       |       |     2 |    14 |     3 |     2 |    11 ||    32
         Dazzling Flash    |       |       |       |       |     1 |     2 |     1 |       |       ||     4
         Starburst         |       |       |       |       |       |    93 |    85 |   119 |    28 ||   325
         Irradiate         |       |       |       |       |       |     3 |    30 |    63 |    55 ||   151
         Stone Arrow       |       |       |       |       |       |    65 |   147 |   234 |   177 ||   623
         Orb of Destructio |       |       |       |       |       |       |   162 |   353 |   282 ||   797
         Sublimation of Bl |       |       |       |       |       |       |    61 |    36 |   137 ||   234
         Passwall          |       |       |       |       |       |       |     2 |     4 |     2 ||     8
         Blade Hands       |       |       |       |       |       |       |       |    38 |     3 ||    41
         Lesser Beckoning  |       |       |       |       |       |       |       |     2 |       ||     2
         Ignition          |       |       |       |       |       |       |       |    39 |    17 ||    56
         Blink             |       |       |       |       |       |       |       |     1 |     4 ||     5
 Invoke: Curse Item        |       |       |     1 |     6 |     1 |     3 |       |     2 |       ||    13
         Shatter the Chain |       |       |       |     2 |     1 |     1 |       |     2 |     1 ||     7
Ability: End Transformatio |       |       |       |       |       |       |       |     7 |       ||     7
  Evoke: Wand              |       |     3 |    13 |    10 |    24 |    33 |     7 |    13 |    11 ||   114
         Tin of tremorston |       |       |       |       |     2 |       |       |       |       ||     2
         Phantom mirror    |       |       |       |       |     1 |     3 |     1 |     2 |     1 ||     8
         Box of beasts     |       |       |       |       |       |     2 |     2 |       |     1 ||     5
         Phial of floods   |       |       |       |       |       |     1 |     1 |     1 |     1 ||     4
         Lightning rod     |       |       |       |       |       |       |     4 |     6 |     4 ||    14
    Use: Scroll            |     4 |     2 |     6 |     9 |    10 |    10 |    11 |    12 |    15 ||    79
         Potion            |       |       |       |     3 |    14 |    19 |     6 |    12 |    28 ||    82
   Stab: Held in net/web   |       |       |     1 |       |       |       |       |       |       ||     1
         Distracted        |       |       |       |     1 |       |       |     1 |       |       ||     2
         Invisible         |       |       |       |       |     1 |     3 |     1 |       |       ||     5
         Sleeping          |       |       |       |       |       |     2 |       |       |       ||     2
 Armour: Robe              |    15 |    12 |    17 |     3 |       |       |       |       |       ||    47
         Steam dragon scal |       |       |       |   127 |   140 |    30 |       |       |       ||   297
         Skin              |       |       |       |       |     8 |    13 |       |       |       ||    21
         Swamp dragon scal |       |       |       |       |       |   251 |   140 |   114 |       ||   505
         Troll leather arm |       |       |       |       |       |    22 |       |    19 |    61 ||   102
         Acid dragon scale |       |       |       |       |       |       |       |    12 |       ||    12
         Gold dragon scale |       |       |       |       |       |       |       |       |    11 ||    11
  Dodge: Dodged            |    30 |    47 |   144 |   444 |   514 |   598 |   320 |   339 |   166 ||  2602
  Block: Kite shield       |       |       |       |       |    21 |   511 |   326 |   200 |   114 ||  1172

Table legend: (Time is in decaauts)
 A = Elapsed time spent in this place.
 B = Non-inter-level travel time spent in this place.
 C = Inter-level travel time spent in this place.
 D = Time resting spent in this place.
 E = Time spent auto-exploring this place.
 F = Levels seen in this place.
 G = Mean time per level.
                   A        B        C        D        E       F      G
               +--------+--------+--------+--------+--------+-----+--------+
         Total | 102284 |  97161 |   5123 |  43373 |  27210 |  57 | 1794.5 |
       Dungeon |  16780 |  15446 |   1334 |   2731 |   8053 |  15 | 1118.7 |
        Temple |    384 |    349 |     35 |      0 |    317 |   1 |  384.0 |
          Lair |   7164 |   6539 |    625 |   1207 |   2901 |   5 | 1432.8 |
         Swamp |   6755 |   6593 |    162 |   3902 |   1329 |   4 | 1688.8 |
   Spider Nest |   8458 |   8042 |    416 |   3704 |   1985 |   4 | 2114.5 |
    Slime Pits |   3032 |   3014 |     18 |   2264 |      0 |   5 |  606.4 |
  Orcish Mines |   2400 |   2119 |    281 |    606 |    718 |   2 | 1200.0 |
   Elven Halls |   8796 |   8512 |    284 |   4476 |   1212 |   3 | 2932.0 |
        Vaults |  11326 |  10677 |    649 |   4840 |   3451 |   4 | 2831.5 |
         Crypt |   6320 |   6055 |    265 |   2550 |   2243 |   3 | 2106.7 |
        Depths |  12652 |  12180 |    472 |   7092 |   2488 |   4 | 3163.0 |
           Zot |  16770 |  16193 |    577 |   9740 |   2207 |   5 | 3354.0 |
      Ice Cave |   1053 |   1053 |      0 |    123 |    306 |   1 | 1053.0 |
      Gauntlet |    387 |    387 |      0 |    135 |      0 |   1 |  387.0 |
               +--------+--------+--------+--------+--------+-----+--------+

Top non-repeatable levels by time:
   Zot:5: 5589 daAuts
Depths:3: 3805 daAuts
Depths:2: 3674 daAuts
   Elf:2: 3660 daAuts
   Zot:4: 3569 daAuts
Vaults:2: 3291 daAuts
Depths:4: 3265 daAuts
   Elf:3: 3223 daAuts
Vaults:1: 3003 daAuts
   Zot:1: 2915 daAuts
Spider:4: 2813 daAuts
   Zot:2: 2710 daAuts
Vaults:4: 2563 daAuts
  Lair:5: 2519 daAuts
 Crypt:3: 2484 daAuts
